AoeStats
← polom.s1989

Arena

510352927Analyzed
4v4 RM · 1d ago on Sep 30, 2026· 48m 42s· 8 players
Game mode
Random Map
Map size
Large (8 player)
Population
200
Speed
Normal
Resources
Standard
Victory
Conquest
Starting age
Dark Age
Ending age
Imperial Age
RankedLock teamsTeams togetherTeam positionsShared explorationLock speedFull tech treeHidden civsTurbo modeCheats
Victory
Defeat
🇪🇸 Ethiopians · Spain
1585
+14
🇲🇽 Saxons · Mexico
1553
+16
🇵🇪 Burgundians · Peru
1550
+16
🇺🇸 Mongols · United States
1518
+17
🇨🇳 Franks · China
1589
-18
🇨🇿 Malians · Czechia
1553
-16
🇨🇳 Armenians · China
1520
-15
🇫🇷 Bohemians · France
1512
-14
milarreach
9:29 Feudal Age
13:10 Castle Age
10:59 Double-Bit Axe
11:57 Horse Collar
14:11 Bow Saw
16:38 Loom
21:41 Town Watch
22:54 Wheelbarrow
24:53 Hand Cart
25:20 Stone Mining
26:01 Fletching
26:10 Gold Mining
29:07 Imperial Age
26:40 Padded Archer Armor
27:26 Gold Shaft Mining
27:14 Bodkin Arrow
27:41 Ballistics
27:53 Masonry
28:00 Leather Archer Armor
28:50 Crossbowman
30:51 Chemistry
29:56 Bracer
30:28 Ring Archer Armor
30:11 Thumb Ring
29:28 Arbalester
30:19 Squires
30:04 Arson
30:31 Heavy Plow
31:42 Two-Man Saw
31:24 Conscription
30:30 Halberdier
31:16 Scale Mail Armor
31:26 Forging
32:12 Chain Mail Armor
33:57 Plate Mail Armor
34:57 Iron Casting
34:11 Elite Shotel Warrior
36:47 Blast Furnace
39:51 Guilds
40:12 Coinage
39:42 Caravan
43:31 Banking
Lolokoil
10:21 Feudal Age
14:07 Castle Age
12:20 Double-Bit Axe
13:03 Loom
13:29 Scale Mail Armor
17:00 Horse Collar
19:27 Fletching
23:53 Bodkin Arrow
25:30 Bow Saw
27:15 Masonry
29:36 Fortified Wall
30:07 Wheelbarrow
30:45 Town Watch
36:01 Imperial Age
35:09 Padded Archer Armor
35:41 Chain Mail Armor
35:51 Forging
35:50 Heavy Plow
35:32 Pikeman
36:42 Squires
37:17 Plate Mail Armor
38:19 Hand Cart
38:32 Pikeman
39:31 Halberdier
44:38 Two-Man Saw
47:10 Iron Casting
Dwarf king
10:07 Feudal Age
13:39 Castle Age
11:34 Double-Bit Axe
12:19 Horse Collar
14:47 Bow Saw
23:04 Wheelbarrow
23:40 Heavy Plow
23:32 Gold Mining
24:51 Hand Cart
28:55 Imperial Age
28:18 Ballistics
27:50 Fletching
28:00 Padded Archer Armor
28:39 Gold Shaft Mining
28:33 Bodkin Arrow
30:54 Chemistry
29:57 Bracer
31:05 Husbandry
30:30 Elite Mangudai
31:28 Bloodlines
31:27 Stone Mining
32:06 Conscription
32:39 Parthian Tactics
33:05 Stone Shaft Mining
34:51 Drill
34:29 Capped Ram
35:35 Siege Ram
37:08 Thumb Ring
36:24 Light Cavalry
BigBanana
3:25 Double-Bit Axe
6:48 Horse Collar
11:06 Feudal Age
13:12 Bow Saw
15:10 Castle Age
13:32 Heavy Plow
16:16 Wheelbarrow
16:58 Two-Man Saw
17:20 Crop Rotation
19:21 Loom
20:20 Town Watch
20:57 Hand Cart
23:39 Gold Mining
23:41 Stone Mining
25:34 Gold Shaft Mining
29:58 Imperial Age
28:31 Stone Shaft Mining
27:22 Cavalier
28:03 Husbandry
29:00 Scale Barding Armor
29:07 Forging
29:07 Burgundian Vineyards
30:14 Chain Barding Armor
30:30 Iron Casting
30:03 Paladin
31:37 Conscription
32:14 Plate Barding Armor
32:41 Blast Furnace
34:26 Pikeman
35:36 Fletching
36:08 Ballistics
35:40 Halberdier
36:25 Scale Mail Armor
36:27 Squires
40:16 Chain Mail Armor
39:58 Bodkin Arrow
41:47 Padded Archer Armor
43:08 Chemistry
42:09 Bracer
42:34 Elite Skirmisher
44:20 Hoardings
44:47 Leather Archer Armor
45:03 Plate Mail Armor
45:18 Light Cavalry
Rocgash
10:49 Feudal Age
14:40 Castle Age
12:31 Double-Bit Axe
13:02 Horse Collar
16:35 Fletching
26:04 Imperial Age
26:42 Chemistry
28:28 Padded Archer Armor
35:42 Conscription
37:19 Forging
37:09 Scale Mail Armor
37:53 Wheelbarrow
37:33 Wagenburg Tactics
37:06 Pikeman
38:22 Halberdier
40:11 Arson
40:26 Squires
42:22 Leather Archer Armor
42:22 Chain Mail Armor
42:43 Iron Casting
44:35 Ring Archer Armor
44:35 Plate Mail Armor
polom.s1989
0:27 Loom
10:11 Feudal Age
15:36 Wheelbarrow
18:16 Castle Age
16:04 Horse Collar
16:40 Double-Bit Axe
17:41 Gold Mining
17:49 Stone Mining
19:44 Hand Cart
19:41 Loom
24:13 Heavy Plow
24:50 Bow Saw
26:54 Town Watch
30:25 Scale Barding Armor
30:31 Forging
32:56 Imperial Age
31:07 Gold Shaft Mining
31:24 Town Patrol
32:03 Chain Barding Armor
32:55 Iron Casting
32:31 Bloodlines
32:23 Husbandry
33:40 Cavalier
34:28 Farimba
35:15 Plate Barding Armor
36:16 Conscription
37:07 Stone Shaft Mining
38:22 Scale Mail Armor
39:28 Chain Mail Armor
41:36 Plate Mail Armor
44:30 Light Cavalry
8080
10:11 Feudal Age
9:27 Loom
13:58 Castle Age
12:08 Double-Bit Axe
13:31 Horse Collar
20:10 Fletching
22:50 Wheelbarrow
24:39 Bodkin Arrow
31:47 Imperial Age
29:32 Padded Archer Armor
38:57 Bracer
白心悠哉
11:06 Feudal Age
12:08 Double-Bit Axe
14:56 Castle Age
15:54 Bow Saw
15:06 Light Cavalry
21:18 Wheelbarrow
21:44 Bow Saw
22:40 Loom
23:18 Hand Cart
22:50 Loom
23:50 Town Watch
24:45 Gold Mining
28:45 Imperial Age
27:35 Scale Barding Armor
28:07 Gold Shaft Mining
27:57 Husbandry
27:57 Husbandry
28:09 Forging
28:55 Chain Barding Armor
29:53 Conscription
29:03 Cavalier
29:03 Cavalier
30:41 Plate Barding Armor
30:41 Iron Casting
30:38 Chivalry
31:52 Paladin
34:26 Blast Furnace
38:19 Fletching
39:27 Coinage
41:07 Banking
41:05 Bodkin Arrow
41:05 Stone Mining
45:12 Capped Ram
Connection lost

Rejoining the realm…

Still unreachable

The connection could not be restored.

Session expired

The server has moved on; the page needs a fresh start.